 Dungeon Crawl Stone Soup version 0.29-a0-330-g52719c12eb (webtiles) character file.

Game seed: 7396627936126397896

3569 jmlagarto the Conjurer (level 9, -3/62 HPs)
             Began as a Purple Draconian Conjurer on Apr 20, 2022.
             Was an Initiate of Gozag.
             Killed by divine providence
             ... invoked by an orc priest
              (10 damage)
             ... on level 8 of the Dungeon on Apr 21, 2022.
             The game lasted 00:32:15 (10206 turns).

jmlagarto the Conjurer (Purple Draconian Conjurer) Turns: 10206, Time: 00:32:15

Health: -3/62      AC:  9    Str: 10    XL:     9   Next: 84%
Magic:  9/29       EV: 13    Int: 32    God:    Gozag
Gold:   927        SH:  0    Dex: 10    Spells: 4/23 levels left

rFire   . . .      SeeInvis .   x - +2 whip of Keklywn {pain, Int+4}
rCold   . . .      Faith    .   (no shield)
rNeg    . . .      Spirit   .   (body armour unavailable)
rPois   .          Reflect  .   (helmet restricted)
rElec   .          Harm     .   m - +0 cloak
rCorr   .          Rampage  .   j - +0 pair of gloves
Will    +....                   (no boots)
Stlth   ++........              (no amulet)
HPRegen 0.20/turn               z - ring of magical power
MPRegen 0.21/turn               v - +6 ring of intelligence

@: no status effects
A: breathe power, AC +7, unfitting armour, cold-blooded
a: Breathe Dispelling Energy, Renounce Religion, Potion Petition, Call Merchant,
Bribe Branch


You were on level 8 of the Dungeon.
You worshipped Gozag.
Gozag was pleased with you.
You visited 1 branch of the dungeon, and saw 8 of its levels.
You also visited: Ossuary.

You collected 1053 gold pieces.
You spent 42 gold pieces at shops.
You paid 84 gold pieces to Gozag.

Inventory:

Hand Weapons
 n - a +0 hunting sling
 x - the +2 whip of Keklywn (weapon) {pain, Int+4}
   (You found it on level 5 of the Dungeon)

   In the hands of one skilled in necromantic magic, it inflicts extra damage on
   living creatures.
   Int:       It affects your intelligence (+4).
Missiles
 c - 5 boomerangs
 q - 10 poisoned darts
 s - a throwing net
 w - 4 curare-tipped darts
Armour
 j - a +0 pair of gloves (worn)
 m - a +0 cloak (worn)
 t - a +0 kite shield
Magical Staves
 o - a staff of cold
 u - a staff of fire
Jewellery
 f - the ring "Xepri" {Fire rN+++ Str+3 Dex+2 Stlth-}
   (You found it on level 4 of the Dungeon)

   [ring of fire]

   It enhances your fire magic.
   Str:       It affects your strength (+3).
   Dex:       It affects your dexterity (+2).
   rF:        It protects you from fire.
   rC:        It makes you vulnerable to cold.
   rN:        It renders you almost immune to negative energy.
   Stlth:     It makes you less stealthy.
 v - a +6 ring of intelligence (right hand)
 y - a ring of protection from cold
 z - a ring of magical power (left hand)
Scrolls
 b - 3 scrolls of immolation
 d - a scroll of amnesia
 g - 6 scrolls of teleportation
 i - 2 scrolls of torment
 l - 3 scrolls of fear
 p - 5 scrolls of blinking
 A - 2 scrolls of fog
Potions
 a - 2 potions of ambrosia
 e - 6 potions of curing
 h - 2 potions of flight
 k - a potion of heal wounds {unknown}
 r - a potion of cancellation {unknown}
 B - 2 potions of resistance
 C - 2 potions of degeneration
 D - a potion of berserk rage {unknown}


   Skills:
 + Level 6.1 Dodging
 - Level 1.9 Stealth
 + Level 5.1 Shields
 + Level 7.5 Spellcasting
 + Level 7.6 Conjurations
 + Level 3.8 Summonings
 + Level 5.7 Evocations


You had 4 spell levels left.
You knew the following spells:

 Your Spells              Type           Power      Damage    Failure   Level
a - Magic Dart            Conj           100%       1d8       1%          1
b - Searing Ray           Conj           100%       2d8       1%          2
c - Dazzling Flash        Conj/Hex       72%        N/A       2%          3
d - Summon Small Mammal   Summ           100%       N/A       1%          1
e - Call Imp              Summ           36%        N/A       1%          2
f - Summon Guardian Gole  Hex/Summ       24%        N/A       5%          3
g - Mephitic Cloud        Conj/Pois/Air  28%        N/A       4%          3
h - Iskenderun's Mystic   Conj/Tloc      36%        2d9       9%          4

Your spell library contained the following spells:

 Spells                   Type           Power      Damage    Failure   Level
 Call Canine Familiar     Summ           36%        N/A       2%          3
 Freeze                   Ice            48%        1d7       4%          1
 Corpse Rot               Necr/Air       24%        N/A       6%          2
 Poisonous Vapours        Pois/Air       24%        N/A       6%          2
 Fulminant Prism          Conj/Hex       18%        3d11      9%          4


Dungeon Overview and Level Annotations

Branches:
Dungeon (8/15)             Temple (0/1) D:7         Ossuary (visited)
   Lair: D:8-11

Altars:
Elyvilon
Gozag
Hepliaklqana
Kikubaaqudgha
Okawaru
Qazlal
Sif Muna
Trog
Uskayaw
Zin

Shops:
D:1 !   D:3 :


Innate Abilities, Weirdness & Mutations

You can breathe bolts of dispelling energy.
Your rich purple scales are hard. (AC +7)
You cannot fit into any form of body armour.
You are cold-blooded and may be slowed by cold attacks.


Message History

Confirm with . or Enter, or press ? or * to list all spells.
Aiming: Magic Dart (safe; 1% risk of failure)
Press: ? - help, Shift-Dir - straight line, f/p - orc priest
Aim: an orc priest, wielding a +0 halberd and wearing a +0 scale mail (severely wounded, ally target, 100% to hit)
The magic dart hits the orc priest but does no damage.
The orc priest is severely wounded.
The orc priest invokes the aid of Beogh against you.
Beogh smites you!
* * * LOW HITPOINT WARNING * * *
You feel better. The orc priest misses you.
Casting: Magic Dart (safe; 1% risk of failure)
Confirm with . or Enter, or press ? or * to list all spells.
Casting: Dazzling Flash (dangerous; 2% risk of failure)
Press: ? - help, Dir - look around, f - activate You miscast Dazzling Flash.
You are very lightly contaminated with residual magic.
Nothing appears to happen.
The orc priest closely misses you.
Casting: Dazzling Flash (dangerous; 2% risk of failure)
Confirm with . or Enter, or press ? or * to list all spells.
Casting: Dazzling Flash (dangerous; 2% risk of failure)
Press: ? - help, Dir - look around, f - activate The orc priest closely misses you.
Casting: Dazzling Flash (dangerous; 2% risk of failure)
Confirm with . or Enter, or press ? or * to list all spells.
Casting: Dazzling Flash (dangerous; 2% risk of failure)
Press: ? - help, Dir - look around, f - activate The orc priest is dazzled.
The orc priest misses you.
The orc priest invokes the aid of Beogh against you.
Pain shoots through your body!
* * * LOW HITPOINT WARNING * * *
Your guardian golem disappears in a puff of smoke!
Casting: Dazzling Flash (dangerous; 2% risk of failure)
Confirm with . or Enter, or press ? or * to list all spells.
A guardian golem appears, shielding your allies.
Your magical contamination has completely faded away.
The orc priest is no longer blind.
The orc priest mumbles some strange prayers to Beogh against you.
Beogh smites you!
You die...
Your body crumbles into a pile of gold.

##...#.......#.... #............
#...........≈≈.≈≈.###...........
#...#.......≈#+#≈............##.
####........≈# #§...........##..
##.......≈#+#§#.........##...
##.##.....#≈≈.§≈..........#....
..........#......#.....)))..# .
#....>...........##....###).##z
####.....#....@..##....###.))..
#..........#...##.....##..)##
#..#.......##..9o...#......$#
#.......#######...........#...
##.....## #.[.......######
####### ##.......## #.......#
#......## #..#####


You could see an orc priest (ally target) and a friendly guardian golem
(summoned).

Vanquished Creatures
  2 wyverns (D:8)
  3 water moccasins
  An ice beast (D:7)
  An orc warrior (D:8)
  A black bear (D:3)
  A sky beast (D:5)
  3 centaurs
  A phantom (D:5)
  An elf zombie (Ossuary)
  3 kobold brigands (D:8)
  2 necrophages
  3 bullfrogs
  2 gnoll sergeants
  A scorpion (D:5)
  12 killer bees
  4 hounds
  A human zombie (Ossuary)
  4 orc priests
  A gnoll shaman (D:7)
  An iguana (D:5)
  7 orc wizards
  A hound zombie (Ossuary)
  5 mummies
  17 gnolls
  6 adders
  A white imp (D:8)
  An ufetubus (D:5)
  An adder skeleton (D:2)
  An adder zombie (D:2)
  4 worms
  3 dart slugs
  29 orcs
  4 bats
  8 endoplasms
  4 giant cockroaches
  8 goblins
  5 hobgoblins
  3 jackals (D:2)
  4 quokkas
  11 ball pythons
  2 ball python skeletons (D:2)
  A ball python zombie (D:2)
  3 frilled lizards
  2 gnoll zombies (Ossuary)
  A goblin zombie (Ossuary)
  A jackal zombie (Ossuary)
  16 kobolds
  A kobold zombie (Ossuary)
  2 orc zombies (Ossuary)
  A rat (D:2)
  2 rat zombies (Ossuary)
203 creatures vanquished.

Vanquished Creatures (others)
  An endoplasm (D:3)
  3 plants (D:4)
  2 withered plants (D:2)
6 creatures vanquished.

Grand Total: 209 creatures vanquished

Notes
Turn   | Place    | Note
-------+----------+-------------------------------------------
     0 | D:1      | jmlagarto the Draconian Conjurer began the quest for the
                  | Orb.
     0 | D:1      | Reached XP level 1. HP: 14/14 MP: 3/3
   313 | D:1      | Reached XP level 2. HP: 20/20 MP: 0/5
   730 | D:1      | Found Agoz's Distillery.
   782 | D:1      | Bought a potion of curing for 42 gold pieces
  1106 | D:1      | Reached XP level 3. HP: 26/26 MP: 1/6
  1109 | D:1      | Learned a level 2 spell: Searing Ray
  1835 | D:2      | Found a faded altar of an unknown god.
  2302 | D:2      | Reached XP level 4. HP: 33/33 MP: 3/8
  2684 | D:3      | Found Xaikuamp's Book Boutique.
  3315 | D:3      | Reached XP level 5. HP: 26/38 MP: 5/9
  3576 | D:3      | Found an ancient bone altar of Kikubaaqudgha.
  3617 | D:3      | Noticed a black bear
  3643 | D:3      | Killed a black bear
  3644 | D:3      | Reached skill level 5 in Conjurations
  4016 | D:4      | Identified the ring "Xepri" {Fire rN+++ Str+3 Dex+2 Stlth-}
  4132 | D:4      | Reached XP level 6. HP: 45/45 MP: 6/11
  4355 | D:4      | Learned a level 3 spell: Dazzling Flash
  4394 | D:4      | Found a white marble altar of Elyvilon.
  4716 | D:5      | Entered Level 5 of the Dungeon
  4784 | D:5      | Noticed a sky beast
  4791 | D:5      | Killed a sky beast
  5035 | D:5      | Reached skill level 1 in Shields
  5035 | D:5      | Reached skill level 1 in Evocations
  5216 | D:5      | Found an iron altar of Okawaru.
  5228 | D:5      | Your scales start taking on a rich purple colour.
  5228 | D:5      | Reached skill level 5 in Spellcasting
  5228 | D:5      | Reached XP level 7. HP: 26/50 MP: 9/14
  5929 | D:5      | Identified the +2 whip of Keklywn {pain, Int+4}
  6025 | D:5      | Found a hazy altar of Hepliaklqana.
  6027 | D:5      | Found a glowing silver altar of Zin.
  6027 | D:5      | Found a stormy altar of Qazlal.
  6028 | D:5      | Found a hide-covered altar of Uskayaw.
  6032 | D:5      | Found an opulent altar of Gozag.
  6092 | D:5      | Became a worshipper of Gozag Ym Sagoz the Greedy
  6573 | D:6      | Reached XP level 8. HP: 57/57 MP: 11/16
  7143 | D:6      | Found a shimmering blue altar of Sif Muna.
  7366 | D:6      | Learned a level 1 spell: Summon Small Mammal
  7369 | D:6      | Learned a level 2 spell: Call Imp
  7373 | D:6      | Learned a level 3 spell: Summon Guardian Golem
  7494 | D:6      | Got Sif Muna's Almanac of Cold
  7513 | D:7      | Reached skill level 5 in Dodging
  7634 | D:7      | Found a sand-covered staircase.
  7645 | Ossuary  | Entered an ossuary
  7685 | Ossuary  | Reached skill level 1 in Summonings
  8268 | D:7      | Found a staircase to the Ecumenical Temple.
  8280 | D:7      | Found a bloodstained altar of Trog.
  8730 | D:7      | Reached XP level 9. HP: 62/62 MP: 18/18
  9256 | D:8      | Reached skill level 5 in Evocations
  9605 | D:8      | Reached skill level 5 in Shields
 10100 | D:8      | Learned a level 3 spell: Mephitic Cloud
 10105 | D:8      | Learned a level 4 spell: Iskenderun's Mystic Blast
 10206 | D:8      | Killed from afar by an orc priest

Illustrated notes

Levels and vault maps discovered:
D:1:      minmay_arrival_doors, layout_loops_ring, serial_shops, shop,
          st_stairs_10
D:2:      layout_loops_ring, serial_undead, serial_undead_d, serial_undead_a,
          serial_undead_d, serial_undead_b, nicolae_ecumenical_pavilion,
          hex_tiny
D:3:      layout_rooms, nicolae_kikubaaqudgha_miasma_corner, serial_shops,
          nicolae_shop_crystal, hangedman_decor_riveting
D:4:      layout_rooms, nicolae_elyvilon_temple_path
D:5:      nicolae_cairo_tiling_large, layout_loops_ring, minitemple,
          chequers_garden
D:6:      layout_cave_pools, led_sif_book
D:7:      layout_loops_ring, kennysheep_mini, temple_doors_e,
          gup_ossuary_entry_pyramid
D:8:      layout_cave_pools, kennysheep_mini_moat, minmay_starry_boxes

Skill      XL: |  1  2  3  4  5  6  7  8  9 |
---------------+----------------------------+-----
Dodging        | 2 3 4 5 6 |  6.1
Spellcasting   | 3 5 6 7 |  7.5
Conjurations   | 5 6 7 |  7.6
Shields        | 1 2 4 5 |  5.1
Evocations     | 1 3 4 5 |  5.7
Summonings     | 1 3 |  3.8
Stealth        | |  1.9

Action                   |  1- 3 |  4- 6 |  7- 9 || total
-------------------------+-------+-------+-------++-------
Melee: Short sword       |     4 |       |       ||     4
       Whip              |       |       |    13 ||    13
       Tailslap          |       |       |     2 ||     2
 Fire: Hunting sling     |     8 |    28 |       ||    36
Throw: Boomerang         |    20 |    40 |     2 ||    62
       Dart              |       |     8 |     1 ||     9
 Cast: Magic Dart        |    83 |    30 |   150 ||   263
       Searing Ray       |     3 |    33 |    67 ||   103
       Dazzling Flash    |       |       |     5 ||     5
       Summon Guardian G |       |       |     6 ||     6
  Use: Scroll            |       |     6 |     7 ||    13
       Potion            |       |     2 |     3 ||     5
Armor: Skin              |    15 |    38 |    71 ||   124
Dodge: Dodged            |    21 |    52 |   162 ||   235

Table legend: (Time is in decaauts)
 A = Elapsed time spent in this place.
 B = Non-inter-level travel time spent in this place.
 C = Inter-level travel time spent in this place.
 D = Time resting spent in this place.
 E = Time spent auto-exploring this place.
 F = Levels seen in this place.
 G = Mean time per level.
                   A        B        C        D        E       F      G
               +--------+--------+--------+--------+--------+-----+--------+
         Total |  10259 |  10013 |    246 |    326 |   8049 |   9 | 1139.9 |
       Dungeon |   9838 |   9592 |    246 |    214 |   7842 |   8 | 1229.8 |
       Ossuary |    421 |    421 |      0 |    112 |    207 |   1 |  421.0 |
               +--------+--------+--------+--------+--------+-----+--------+

Top non-repeatable levels by time:
     D:5: 1654 daAuts
     D:1: 1653 daAuts
     D:2: 1354 daAuts
     D:7: 1322 daAuts
     D:6: 1132 daAuts
     D:3: 1029 daAuts
     D:8: 967 daAuts
     D:4: 723 daAuts
 Ossuary: 421 daAuts
